 Dungeon Crawl Stone Soup version 0.29-a0-283-ga02f740833 (webtiles) character file.

Game seed: 3924815051402485265

8135 Dabor the Blocker (level 11, -12/72 HPs)
             Began as a Gargoyle Fighter on Mar 13, 2022.
             Was a High Priest of Okawaru.
             Mangled by an orc knight
             ... wielding a +0 glaive
              (17 damage)
             ... in a bailey.
             The game lasted 00:16:21 (6271 turns).

Dabor the Blocker (Gargoyle Fighter)                Turns: 6271, Time: 00:16:23

Health: -12/72     AC: 23    Str: 22 (24) XL:     11   Next: 26%
Magic:  13/13      EV: 10    Int:  6 (9)  God:    Okawaru [*****.]
Gold:   260        SH:  5    Dex:  4 (5)  Spells: 10/10 levels left

rFire   + . .      SeeInvis .   m - +7 hand axe of the Crafting Augurer {freeze, Fly rF+ rC- rCorr}
rCold   . . .      Faith    .   c - +0 buckler
rNeg    + . .      Spirit   .   G - +4 ring mail "Paty" {rC+ Regen+ Dex-4}
rPois   ∞          Reflect  .   b - +0 helmet
rElec   +          Harm     .   (no cloak)
rCorr   +          Rampage  .   (no gloves)
Will    .....                   t - +1 pair of boots
Stlth   ..........              f - amulet of regeneration
HPRegen 1.82/turn               (no ring)
MPRegen 0.13/turn               (no ring)

@: mighty, flying
A: sickness immunity, AC +8, negative energy resistance 1, electricity
resistance, torment resistance 1, petrification resistance
a: Renounce Religion, Heroism, Finesse, Duel


You were in a bailey.
You worshipped Okawaru.
Okawaru was extremely pleased with you.
You visited 1 branch of the dungeon, and saw 9 of its levels.
You also visited: Sewer and Bailey.

You collected 260 gold pieces.

Inventory:

Hand Weapons
 m - the +7 hand axe of the Crafting Augurer (weapon) {freeze, Fly rF+ rC- rCorr}
   (You found it on level 2 of the Dungeon)

   It freezes those it strikes, dealing additional cold damage.
   It can also slow down cold-blooded creatures.
   rF:        It protects you from fire.
   rC:        It makes you vulnerable to cold.
   Fly:       It grants you flight.
   rCorr:     It protects you from acid and corrosion.
 A - a +1 morningstar
Missiles
 o - 2 throwing nets (quivered)
Armour
 b - a +0 helmet (worn)
 c - a +0 buckler (worn)
 t - a +1 pair of boots (worn)
 v - a +0 plate armour of cold resistance
 G - the +4 ring mail "Paty" (worn) {rC+ Regen+ Dex-4}
   (Okawaru gifted it to you on level 9 of the Dungeon)

   Dex:       It affects your dexterity (-4).
   rC:        It protects you from cold.
   Regen:     It increases your rate of health regeneration.
Jewellery
 a - a ring of fire
 f - an amulet of regeneration (around neck)
 F - the ring "Siqelag" {rN+ Will+ MP+9 Int+2 Dex-5}
   (You found it on level 8 of the Dungeon)

   [ring of magical power]

   Int:       It affects your intelligence (+2).
   Dex:       It affects your dexterity (-5).
   rN:        It protects you from negative energy.
   MP:        It affects your magic capacity (+9).
   Will:      It increases your willpower.
Wands
 p - a wand of mindburst (6)
 B - a wand of iceblast (9)
 C - a wand of paralysis (9)
Scrolls
 d - 5 scrolls of teleportation
 e - 3 scrolls of magic mapping
 g - 5 scrolls of identify
 j - 3 scrolls of enchant weapon
 r - a scroll of holy word
 w - 2 scrolls of enchant armour
 y - 2 scrolls of amnesia
 z - 2 scrolls of fog {unknown}
 D - 3 scrolls of immolation
Potions
 h - a potion of flight {unknown}
 i - a potion of heal wounds {unknown}
 k - a potion of degeneration
 l - 2 potions of curing {unknown}
 n - a potion of attraction {unknown}
 q - a potion of haste {unknown}
 u - 2 potions of might
 E - a potion of ambrosia {unknown}
Miscellaneous
 x - a piece from Xom's chessboard (15/15)


   Skills:
 + Level 9.8 Fighting
 + Level 8.7 Maces & Flails
 + Level 9.8 Armour
 + Level 9.8 Shields
 * Level 3.8 Invocations


You had 10 spell levels left.
You didn't know any spells.
Your spell library contained the following spells:

 Spells                   Type           Power      Damage    Failure   Level
 Beastly Appendage        Tmut           0%         N/A       65%         1
 Pain                     Necr           0%         1d4       65%         1
 Corpse Rot               Necr/Air       0%         N/A       80%         2
 Poisonous Vapours        Pois/Air       0%         N/A       80%         2
 Wereblood                Tmut           0%         N/A       80%         2
 Spider Form              Tmut/Pois      0%         N/A       95%         3
 Vampiric Draining        Necr           0%         2d6       95%         3
 Passage of Golubria      Tloc           0%         N/A       100%        4
 Yara's Violent Unravell  Hex/Tmut       0%         3d3       100%        5
 Animate Skeleton         Necr           Unusable   N/A       N/A         1
 Sublimation of Blood     Necr           Unusable   N/A       N/A         2
 Tukima's Dance           Hex            Unusable   N/A       N/A         3
 Summon Hydra             Summ           Unusable   N/A       N/A         7

Dungeon Overview and Level Annotations

Branches:
Dungeon (9/15)             Temple (0/1) D:6           Sewer (visited)
 Bailey (1/1)
   Lair: D:8-11         Orc: D:9-12

Altars:
Ashenzari
Cheibriados
Gozag
Makhleb
Okawaru
Qazlal
Ru
Trog
Vehumet
Zin
The Shining One

Shops:
D:7 :   D:8 (


Innate Abilities, Weirdness & Mutations

You are immune to sickness and miasma.
Your stone body is resilient. (AC +8)
You are immune to poison.
You resist negative energy. (rN+)
You are resistant to electric shocks. (rElec)
You are resistant to unholy torment.
You are immune to petrification.


Message History

You slash the orc knight! You freeze the orc knight.
The orc knight is moderately wounded.
You hit the orc warrior. You freeze the orc warrior.
The orc knight hits you with a +0 glaive!
* * * LOW HITPOINT WARNING * * *
The orc closely misses you. The orc warrior closely misses you.
You feel very mighty all of a sudden.
The orc knight roars a battlecry!
The orcs go into a battle-frenzy!
The orc barely misses you. The orc warrior closely misses you.
You hit the orc knight. You freeze the orc knight.
The orc knight is moderately wounded.
You slash the orc warrior! You freeze the orc warrior.
The orc knight closely misses you. The orc closely misses you.
The orc warrior hits you but does no damage.
You completely miss the orc knight.
The orc knight is moderately wounded.
You hit the orc warrior. You freeze the orc warrior.
You block the orc knight's attack.
The orc warrior hits you with a +0 trident.
* * * LOW HITPOINT WARNING * * *
You block the orc's attack.
The orc knight hits you but does no damage.
The orc hits you but does no damage.
The orc warrior hits you with a +0 trident.
* * * LOW HITPOINT WARNING * * *
You slash the orc knight! You freeze the orc knight.
The orc knight is heavily wounded.
You slash the orc warrior! You freeze the orc warrior.
You kill the orc warrior!
Okawaru accepts your kill.
The orc knight hits you with a +0 glaive!
* * * LOW HITPOINT WARNING * * *
The orc hits you but does no damage.
Okay, then.
It was a potion of degeneration.
There was something very wrong with that liquid.
You feel weakened.
You feel dopey.
You feel clumsy.
The orc knight hits you with a +0 glaive!
You die...

#8)#...######......
#).#...............
#))'....)..........
#..'...............
#..#...............
.
#8.#...######......
######..#....≈
≈..♣....
.....o..##..o≈≈
≈..♣♣...
.......@.#...≈≈≈
.....##
#######)o#..≈≈≈≈
####


You could see an orc knight and an orc (strong).

Vanquished Creatures
  2 two-headed ogres (D:8)
  A troll (D:5)
  A hornet (D:8)
  The ghost of iamserjio the Chiller, an amateur OpTm (D:6)
  Sigmund (D:2)
  2 wyverns
  11 yaks
  Menkaure (D:6)
  2 water moccasins
  5 orc warriors
  A sky beast (D:5)
  An ice beast (D:8)
  2 ogres
  A centaur (D:7)
  2 phantoms (D:5)
  A kobold brigand (D:7)
  3 bullfrogs
  3 scorpions
  10 wights
  14 killer bees
  3 electric eels
  A vampire bat (D:4)
  A howler monkey (D:4)
  3 jellies
  9 hounds
  2 orc priests
  2 gnoll shamans (D:5)
  6 iguanas
  4 orc wizards
  8 gnolls
  15 adders
  2 river rats (D:5)
  3 white imps
  An ufetubus (D:6)
  5 worms
  A dart slug (D:1)
  3 fire bats (D:4)
  23 orcs
  2 spectral bats (D:4)
  A bat simulacrum (D:4)
  3 bat skeletons (D:4)
  A bat zombie (D:4)
  5 endoplasms
  5 giant cockroaches
  12 goblins
  8 hobgoblins
  10 kobolds
  4 quokkas
  12 ball pythons
  16 bats
  11 frilled lizards
  13 rats
260 creatures vanquished.

Vanquished Creatures (others)
  16 plants
16 creatures vanquished.

Grand Total: 276 creatures vanquished

Notes
Turn   | Place    | Note
-------+----------+-------------------------------------------
     0 | D:1      | Dabor the Gargoyle Fighter began the quest for the Orb.
     0 | D:1      | Reached XP level 1. HP: 14/14 MP: 1/1
   136 | D:1      | Reached XP level 2. HP: 19/19 MP: 2/2
   341 | D:1      | Found a faded altar of an unknown god.
   451 | D:1      | Reached XP level 3. HP: 23/23 MP: 3/3
   570 | D:2      | Noticed an ogre
   571 | D:2      | Noticed Sigmund
   583 | D:1      | Killed an ogre
   584 | D:1      | Reached XP level 4. HP: 17/29 MP: 4/4
   608 | D:2      | Killed Sigmund
   609 | D:2      | Reached XP level 5. HP: 26/34 MP: 5/5
   609 | D:2      | Reached XP level 6. HP: 30/39 MP: 6/6
   742 | D:2      | Identified the +7 hand axe of the Crafting Augurer {freeze,
                  | Fly rF+ rC- rCorr}
  1420 | D:3      | Found a stormy altar of Qazlal.
  1655 | D:4      | Found a radiant altar of Vehumet.
  1666 | D:4      | Reached skill level 5 in Shields
  1680 | D:4      | Reached skill level 5 in Fighting
  1724 | D:4      | Reached skill level 5 in Armour
  1724 | D:4      | Reached XP level 7. HP: 19/44 MP: 7/7
  1853 | D:4      | Found a sacrificial altar of Ru.
  2477 | D:4      | Found an iron altar of Okawaru.
  2477 | D:4      | Found a bloodstained altar of Trog.
  2567 | D:4      | Became a worshipper of Warmaster Okawaru
  2585 | D:5      | Entered Level 5 of the Dungeon
  2660 | D:5      | Found a snail-covered altar of Cheibriados.
  2686 | D:5      | Found a glowing silver altar of Zin.
  2690 | D:5      | Reached XP level 8. HP: 51/51 MP: 8/8
  2734 | D:5      | Reached skill level 5 in Maces & Flails
  2744 | D:5      | Reached * piety under Okawaru
  2799 | D:5      | Found a glowing drain.
  2806 | Sewer    | Entered a sewer
  3332 | D:5      | Noticed a troll
  3338 | D:5      | Killed a troll
  3339 | D:5      | Reached XP level 9. HP: 39/56 MP: 9/9
  3444 | D:6      | Found a staircase to the Ecumenical Temple.
  3452 | D:6      | Reached ** piety under Okawaru
  3629 | D:6      | Noticed Menkaure
  3636 | D:6      | Killed Menkaure
  3658 | D:6      | Found a burning altar of Makhleb.
  3866 | D:6      | Found a runed translucent door.
  3866 | D:6      | Noticed iamserjio's ghost (amateur OpTm)
  3953 | D:6      | Found a glowing golden altar of the Shining One.
  3984 | D:6      | Found an opulent altar of Gozag.
  4358 | D:6      | Killed iamserjio's ghost
  4358 | D:6      | Reached *** piety under Okawaru
  4475 | D:7      | Reached XP level 10. HP: 51/64 MP: 10/10
  4655 | D:7      | Reached **** piety under Okawaru
  4847 | D:7      | Found Tuah's Book Shop.
  5090 | D:8      | Noticed a two-headed ogre
  5109 | D:8      | Killed a two-headed ogre
  5109 | D:8      | Reached ***** piety under Okawaru
  5533 | D:8      | Found a broken altar of Ashenzari.
  5648 | D:8      | Noticed a two-headed ogre
  5660 | D:8      | Reached skill level 1 in Invocations
  5661 | D:8      | Killed a two-headed ogre
  5662 | D:8      | Reached XP level 11. HP: 10/71 MP: 8/12
  5812 | D:8      | Found Liqaschav's Weapon Shoppe.
  5855 | D:8      | Identified the ring "Siqelag" {rN+ Will+ MP+9 Int+2 Dex-5}
  6094 | D:9      | Identified the +4 ring mail "Paty" {rC+ Regen+ Dex-4}
                  | (Okawaru gifted it to you on level 9 of the Dungeon)
  6094 | D:9      | Received a gift from Okawaru
  6198 | D:9      | Found a flagged portal.
  6209 | Bailey   | Entered a bailey
  6241 | Bailey   | Noticed an orc knight
  6271 | Bailey   | Mangled by an orc knight

Illustrated notes

Levels and vault maps discovered:
D:1:      pf_arrival_petrified_forest, layout_rooms,
          hellmonk_ecumenical_altar_pennies_from_heaven
D:2:      layout_rooms, kennysheep_path_1, uniq_sigmund
D:3:      minmay_general_purpose_star, layout_basic,
          mainiacjoe_overflow_small_starburst, serial_bayou_pond_c,
          hangedman_glass_teeth
D:4:      layout_loops_ring, grunt_temple_overflow_bloody_war,
          nicolae_ru_awakened_eye, nicolae_vehumet_radiance, goddamned_bats
D:5:      layout_rooms, lemuel_round_altar, marbit_many_paths,
          gup_sewer_entry_bubbles, hellmonk_bongcloud_opening,
          minmay_misc_feat_diagonals, hangedman_minor_gate_pass
D:6:      layout_loops_ring, makhleb_blood_cavern_becter,
          mainiacjoe_overflow_two_lobes, minmay_temple_entry_junction,
          ebering_ghost_inner_flame, kennysheep_flooded_box, chequers_jeans,
          lightli_minifort, uniq_menkaure
D:7:      layout_cave_pools, serial_shops, kennysheep_mini, serial_bayou,
          serial_bayou_crossing, serial_bayou_pond_d, serial_bayou_pond_d,
          serial_bayou_pond_b, kennysheep_pointless_box
D:8:      layout_basic, mainiacjoe_overflow_brackets, serial_shops,
          nicolae_shop_bloodbath_and_beyond
D:9:      layout_stronghold, enter_bailey_5
Bailey:   bailey_polearm_elven_captive_hellmonk, bailey

Skill      XL: |  1  2  3  4  5  6  7  8  9 10 11 |
---------------+----------------------------------+-----
Fighting       | 4 5 6 8 9 |  9.8
Armour         | 4 5 6 8 9 |  9.8
Shields        | 4 5 6 8 9 |  9.8
Maces & Flails | 3 4 5 7 8 |  8.7
Invocations    | 2 3 |  3.8

Action                   |  1- 3 |  4- 6 |  7- 9 | 10-12 || total
-------------------------+-------+-------+-------+-------++-------
Melee: Flail             |   103 |    68 |       |       ||   171
       Hand axe          |       |    72 |   310 |   127 ||   509
       Morningstar       |       |       |       |    63 ||    63
Invok: Heroism           |       |       |       |     3 ||     3
Evoke: Piece from Xom's  |       |       |     4 |       ||     4
  Use: Potion            |     1 |       |       |     3 ||     4
       Scroll            |       |     2 |     9 |     2 ||    13
Armor: Scale mail        |    93 |    94 |     5 |       ||   192
       Plate armour      |       |       |   269 |   173 ||   442
       Ring mail         |       |       |       |    12 ||    12
Dodge: Dodged            |    78 |    56 |   118 |   107 ||   359
Block: Buckler           |    32 |    30 |    85 |    86 ||   233

Table legend: (Time is in decaauts)
 A = Elapsed time spent in this place.
 B = Non-inter-level travel time spent in this place.
 C = Inter-level travel time spent in this place.
 D = Time resting spent in this place.
 E = Time spent auto-exploring this place.
 F = Levels seen in this place.
 G = Mean time per level.
                   A        B        C        D        E       F      G
               +--------+--------+--------+--------+--------+-----+--------+
         Total |   6424 |   6143 |    281 |    476 |   3627 |  11 |  584.0 |
       Dungeon |   6110 |   5829 |    281 |    476 |   3459 |   9 |  678.9 |
         Sewer |    252 |    252 |      0 |      0 |    168 |   1 |  252.0 |
        Bailey |     61 |     61 |      0 |      0 |      0 |   1 |   61.0 |
               +--------+--------+--------+--------+--------+-----+--------+

Top non-repeatable levels by time:
     D:6: 995 daAuts
     D:4: 969 daAuts
     D:8: 963 daAuts
     D:7: 720 daAuts
     D:1: 635 daAuts
     D:5: 629 daAuts
     D:3: 576 daAuts
     D:2: 496 daAuts
   Sewer: 252 daAuts
     D:9: 124 daAuts
  Bailey: 61 daAuts
